 Dungeon Crawl Stone Soup version 0.30-a0-123-g91d0c66ccf (webtiles) character file.

Game seed: 8976735780606293771

18 Zonian the Chiller (level 2, -3/19 HPs)
             Began as a Demonspawn Ice Elementalist on Sept 17, 2022.
             Slain by Terence
             ... wielding a +2 falchion of protection
              (7 damage)
             ... on level 2 of the Dungeon.
             The game lasted 00:01:12 (1490 turns).

Zonian the Chiller (Demonspawn Ice Elementalist)    Turns: 1490, Time: 00:01:13

Health: -3/19      AC:  2    Str:  8    XL:     2   Next: 51%
Magic:  4/5        EV: 12    Int: 20    God:
Gold:   91         SH:  0    Dex: 13    Spells: 4/5 levels left

rFire   x . .      SeeInvis .    i - +3 dagger "Lenk" {vorpal, rF- Will++ Int+4}
rCold   . . .      Faith    .    (no shield)
rNeg    . . .      Spirit   .    a - +0 robe
rPois   .          Reflect  .    (no helmet)
rElec   .          Harm     .    (no cloak)
rCorr   .          Rampage  .    (no gloves)
Will    ++...                    (no boots)
Stlth   ++........               (no amulet)
HPRegen 0.06/turn                (no ring)
MPRegen 0.09/turn                (no ring)

@: no status effects
A: claws 1
a: no special abilities


You were on level 2 of the Dungeon.
You visited 1 branch of the dungeon, and saw 2 of its levels.

You collected 91 gold pieces.

Inventory:

Hand Weapons
 d - a +0 dagger
 i - the +3 dagger "Lenk" (weapon) {vorpal, rF- Will++ Int+4}
   (You found it on level 2 of the Dungeon)

   It inflicts extra damage upon your enemies.
   Int:       It affects your intelligence (+4).
   rF:        It makes you vulnerable to fire.
   Will:      It greatly increases your willpower.
Armour
 a - a +0 robe (worn)
Jewellery
 e - an amulet of guardian spirit
Scrolls
 g - a scroll of teleportation {unknown}
 h - a scroll of enchant armour {unknown}
Potions
 b - a potion of magic
 c - a potion of curing {unknown}
 f - a potion of cancellation {unknown}


   Skills:
 + Level 2.1 Dodging
 + Level 2.1 Stealth
 + Level 2.2 Spellcasting
 + Level 3.8 Ice Magic


You had 4 spell levels left.
You knew the following spells:

 Your Spells              Type           Power      Damage    Failure   Level
a - Freeze                Ice            68%        1d8       3%          1

Your spell library contained the following spells:

 Spells                   Type           Power      Damage    Failure   Level
 Frozen Ramparts          Ice            34%        1d6       10%         3
 Ozocubu's Armour         Ice            17%        N/A       10%         3
 Hailstorm                Conj/Ice       9%         3d4       56%         4


Dungeon Overview and Level Annotations

Branches:
Dungeon (2/15)

Altars:

Annotations:
D:2 Terence


Innate Abilities, Weirdness & Mutations

You have sharp fingernails.


Message History

A rat comes into view.
A rat is nearby!
Unknown command.
Found a steaming dagger.
You closely miss the rat. The rat barely misses you.
You closely miss the rat. The rat misses you.
You freeze the rat.
You kill the rat!
You can't see any susceptible monsters within range! (Use Z to cast anyway.) Unknown command.
You see here the +3 dagger "Lenk" {vorpal, rF- Will++ Int+4}.
i - the +3 dagger "Lenk" {vorpal, rF- Will++ Int+4} You feel clever.
i - the +3 dagger "Lenk" (weapon)
{vorpal, rF- Will++ Int+4} Unknown command.
You start resting.
Magic restored.
You start waiting.
Done waiting.
Unknown command.
Found 5 stones.
You now have 91 gold pieces (gained 6).
Terence the Incautious comes into view.
He is wielding a +2 falchion of protection.
Unknown command.
The helpless Terence fails to defend himself.
You puncture Terence!
Terence is heavily wounded.
Terence hits you with a +2 falchion of protection.
Unknown command.
You freeze Terence.
Terence is severely wounded.
Terence hits you with a +2 falchion of protection!
* * * LOW HITPOINT WARNING * * *
You are too injured to fight recklessly!
Unknown command.
You hit Terence.
Terence is almost dead.
Terence says, "How do you enjoy it?"
Terence hits you with a +2 falchion of protection!
You die...

###########..
#....@@......
#######.#######....
#.............. #
#.#####.#######
######.# #.#
.......# #(#
.#####.# #.# ## #.#
#.# #.. ..#


You could see Terence.

Vanquished Creatures
  A ball python (D:1)
  A bat (D:1)
  5 goblins (D:1)
  2 hobgoblins (D:1)
  5 kobolds (D:1)
  A quokka (D:1)
  A rat (D:2)
16 creatures vanquished.

Vanquished Creatures (others)
  4 plants (D:1)
4 creatures vanquished.

Grand Total: 20 creatures vanquished

Notes
Turn   | Place    | Note
-------+----------+-------------------------------------------
     0 | D:1      | Zonian the Demonspawn Ice Elementalist began the quest for
                  | the Orb.
     0 | D:1      | Reached XP level 1. HP: 13/13 MP: 3/3
   248 | D:1      | Gained mutation: You have sharp fingernails. [demonic
                  | ancestry]
   248 | D:1      | Reached XP level 2. HP: 19/19 MP: 3/5
  1363 | D:2      | Identified the +3 dagger "Lenk" {vorpal, rF- Will++ Int+4}
  1483 | D:2      | Noticed Terence
  1490 | D:2      | Slain by Terence

Illustrated notes

Levels and vault maps discovered:
D:1:      dpeg_arrival_renting, layout_basic, serial_park_tiny_2,
          serial_bayou_crossing
D:2:      layout_loops_ring, serial_shops, nicolae_lakefront_shop,
          dreamdust_wishing_well, uniq_terence

Skill      XL: |  1 |
---------------+----+-----
Stealth        | 2 |  2.1
Dodging        | 2 |  2.1
Spellcasting   | |  2.2
Ice Magic      | |  3.8

Action                   || total
-------------------------++-------
Melee: Dagger            ||    26
       Unarmed           ||     1
 Cast: Freeze            ||    15
 Stab: Sleeping          ||     2
Armor: Robe              ||     7
Dodge: Dodged            ||    22

Table legend: (Time is in decaauts)
 A = Elapsed time spent in this place.
 B = Non-inter-level travel time spent in this place.
 C = Inter-level travel time spent in this place.
 D = Time resting spent in this place.
 E = Time spent auto-exploring this place.
 F = Levels seen in this place.
 G = Mean time per level.
                   A        B        C        D        E       F      G
               +--------+--------+--------+--------+--------+-----+--------+
         Total |   1496 |   1434 |     62 |    444 |    848 |   2 |  748.0 |
       Dungeon |   1496 |   1434 |     62 |    444 |    848 |   2 |  748.0 |
               +--------+--------+--------+--------+--------+-----+--------+

Top non-repeatable levels by time:
     D:1: 1350 daAuts
     D:2: 146 daAuts
